 Dungeon Crawl Stone Soup version 0.28.0-62-gf88900778d (webtiles) character file.

Game seed: 13052227774705259345

23053 cbfl8 the Severer (level 12, -2/110 HPs)
             Began as a Minotaur Berserker on June 27, 2023.
             Was a High Priest of Trog.
             Killed from afar by an acid dragon (10 damage)
             ... with a splash of acid
             ... on level 13 of the Dungeon.
             The game lasted 00:18:57 (16635 turns).

cbfl8 the Severer (Minotaur Berserker)             Turns: 16635, Time: 00:18:58

Health: -2/110     AC: 25    Str: 22    XL:     12   Next: 68%
Magic:  3/3        EV: 13    Int:  4    God:    Trog [*****.]
Gold:   968        SH: 12    Dex: 15    Spells: 11/11 levels left

rFire   . . .      SeeInvis .   v - +6 broad axe (antimagic)
rCold   . . .      Faith    +   A - +0 tower shield
rNeg    + . .      Spirit   .   u - +0 plate armour
rPois   .          Reflect  .   (helmet restricted)
rElec   .          Harm     .   I - +1 cloak of Starlight {*Dazzle EV+4 Stlth--}
rCorr   .          Rampage  .   n - +2 pair of gloves
Will    .....                   C - +2 pair of boots
Stlth   ..........              s - amulet of faith
HPRegen 0.28/turn               h - +4 ring of evasion
MPRegen 0.08/turn               k - ring of positive energy

@: on berserk cooldown, studying Axes
A: horns 2, retaliatory headbutt
a: Renounce Religion, Berserk, Trog's Hand, Brothers in Arms


You were on level 13 of the Dungeon.
You worshipped Trog.
Trog was extremely pleased with you.
You visited 1 branch of the dungeon, and saw 13 of its levels.
You also visited: Sewer.

You collected 1034 gold pieces.
You spent 66 gold pieces at shops.

Inventory:

Hand Weapons
 a - a +1 hand axe of venom
 v - a +6 antimagic broad axe (weapon)
Missiles
 E - a throwing net
Armour
 e - a scarf of invisibility
 n - a +2 pair of gloves (worn)
 u - a +0 plate armour (worn)
 A - a +0 tower shield (worn)
 C - a +2 pair of boots (worn)
 I - the +1 cloak of Starlight (worn) {*Dazzle EV+4 Stlth--}
   (You found it on level 10 of the Dungeon)

   It may blind those who miss an attack against the wearer in melee combat.
   EV:        It affects your evasion (+4).
   Stlth:     It makes you much less stealthy.
 K - the +0 cloak of Gluttony {rElec Regen+ Int+6}
   (You found it on level 10 of the Dungeon)

   Int:       It affects your intelligence (+6).
   rElec:     It insulates you from electricity.
   Regen:     It increases your rate of health regeneration.
Jewellery
 h - a +4 ring of evasion (left hand)
 k - a ring of positive energy (right hand)
 r - a ring of protection from cold
 s - an amulet of faith (around neck)
Wands
 m - a wand of flame (9)
 t - a wand of digging (9)
 x - a wand of iceblast (10)
 B - a wand of mindburst (13)
 F - a wand of polymorph (2) (quivered)
Scrolls
 b - a scroll of summoning
 g - 5 scrolls of noise
 i - 2 scrolls of teleportation
 j - 2 scrolls of fear
 o - 5 scrolls of fog
 q - a scroll of enchant armour
 w - a scroll of brand weapon {unknown}
 y - a scroll of holy word
Potions
 c - 2 potions of heal wounds {unknown}
 d - 2 potions of haste
 f - 3 potions of flight
 p - 5 potions of curing
 z - 4 potions of mutation
 H - a potion of attraction
Miscellaneous
 J - a phantom mirror


   Skills:
 + Level 11.0 Fighting
 + Level 15.5 Axes
 + Level 12.5 Armour
 + Level 5.8 Dodging
 + Level 4.1 Stealth
 + Level 2.6 Shields
 * Level 8.9 Evocations


You had 11 spell levels left.
You didn't know any spells.
Your spell library was empty.

Dungeon Overview and Level Annotations

Branches:
Dungeon (13/15)            Temple (0/1) D:4            Lair (0/6) D:11
    Orc (0/2) D:12          Sewer (visited)
 Vaults: D:13-14

Altars:
Okawaru
Sif Muna

Shops:
D:2 *   D:5 [


Innate Abilities, Weirdness & Mutations

You have a pair of horns on your head.
You reflexively headbutt those who attack you in melee.


Message History

The efreet gestures at you.
The fireball explodes!
The fireball engulfs you.
The fireball engulfs the efreet.
The efreet completely resists.
The efreet hits you with a +2 scimitar of flaming!
The efreet burns you.
You slice the efreet!!
You kill the efreet!
Trog accepts your kill.
An acid dragon comes into view.
You block the tengu conjurer's attack. x3
You slice the tengu conjurer!!
The tengu conjurer's magic leaks into the air.
Your headbutt misses the tengu conjurer.
The tengu conjurer is severely wounded.
You hear the faint crackling of a very distant melting archway.
A tarantella comes into view.
The tengu conjurer hits you but does no damage.
The tengu conjurer barely misses you. You block the tengu conjurer's attack.
You miss the tengu conjurer.
The tengu conjurer is severely wounded.
You feel yourself speed up.
The tarantella hisses angrily.
You hear a shout!
The tengu conjurer points at you and mumbles some strange words.
The bolt of lightning hits you!!
* * * LOW HITPOINT WARNING * * *
You block the tengu conjurer's attack.
The tengu conjurer pecks you but does no damage.
You block the tengu conjurer's attack.
You hear a shout!
Okay, then.
As you read the scroll of fear, it crumbles to dust.
You assume a fearsome visage.
The acid dragon resists with some effort.
The tengu conjurer looks frightened!
The tarantella looks frightened!
The tengu conjurer mumbles some strange words.
The tengu conjurer blinks!
Cornered, the tarantella turns to fight!
The acid dragon spits acid at you. The splash of acid hits you!
You die...

**,*,#.#,*,*,*
*,*,#°#☼*,*,**
**,#R#,*,*,*,*
*,#.#,*,*,*,** **
*#.#,*,*,*,*,* **,
##°#,*,*,*,*,*****,,
#☼#*******####*,,,,*
#s#########<.#******
#D§@Q.......##
########.#### #.#
***** #[# *>,,* #.#
*,,,* #.## *,,,*
#..## *,,,+ ##..#
***** ####***** *


You could see a tengu conjurer (fleeing, magic disrupted), a tarantella and an
acid dragon (catching breath).

Vanquished Creatures
  Frances (D:12)
  A catoblepas (D:11)
  5 two-headed ogres
  A death knight (D:12)
  A goliath frog (D:13)
  4 skeletal warriors (D:12)
  Pikel (D:6)
  2 cyclopes (D:12)
  2 manticores
  2 ugly things
  A gargoyle (D:12)
  An efreet (D:13)
  A freezing wraith (D:12)
  A komodo dragon (D:11)
  3 trolls
  Prince Ribbit (D:6)
  A merfolk (D:10)
  8 wyverns
  2 wraiths (D:12)
  A shadow (D:12)
  2 basilisks
  A vampire (D:7)
  10 yaks
  A hog (D:10)
  2 vampire mosquitoes (D:10)
  4 water moccasins
  9 black bears
  A sky beast (D:6)
  An orc warrior (D:9)
  A hornet zombie (D:4)
  An ice beast (D:7)
  2 ogres
  A phantom (D:5)
  4 centaurs
  A lemure (D:6)
  6 kobold brigands
  5 bullfrogs
  A gnoll sergeant (D:10)
  2 scorpions
  A wyvern skeleton (D:6)
  17 killer bees
  5 electric eels
  13 wights
  A bullfrog zombie (D:6)
  3 centaur zombies
  5 hounds
  5 gnoll shamans
  8 orc priests
  3 jellies
  A bullfrog skeleton (D:4)
  An iguana (D:11)
  11 orc wizards
  A killer bee zombie (D:6)
  2 hound skeletons
  A howler monkey zombie (D:9)
  A howler monkey skeleton (D:5)
  11 gnolls
  10 adders
  4 river rats (Sewer)
  2 shadow imps
  2 worms
  9 dart slugs (D:7)
  38 orcs
  6 bats
  4 endoplasms
  7 giant cockroaches
  6 goblins
  6 hobgoblins
  9 jackals
  18 kobolds
  7 quokkas
  16 ball pythons
  11 frilled lizards
  5 rats
345 creatures vanquished.

Vanquished Creatures (others)
  An orc (D:7)
  A fungus (D:11)
  39 plants
41 creatures vanquished.

Grand Total: 386 creatures vanquished

Notes
Turn   | Place    | Note
-------+----------+-------------------------------------------
     0 | D:1      | cbfl8 the Minotaur Berserker began the quest for the Orb.
     0 | D:1      | Reached XP level 1. HP: 19/19 MP: 0/0
   310 | D:1      | Reached skill level 4 in Axes
   310 | D:1      | Reached XP level 2. HP: 27/27 MP: 1/1
  1133 | D:2      | Reached XP level 3. HP: 33/33 MP: 2/2
  1182 | D:2      | Reached ** piety under Trog
  1294 | D:2      | Reached skill level 1 in Evocations
  1923 | D:2      | Found Rystikh's Assorted Antiques.
  1949 | D:2      | Bought a scroll of teleportation for 66 gold pieces
  2254 | D:3      | Reached XP level 4. HP: 41/41 MP: 3/3
  2281 | D:3      | Found a glowing drain.
  2299 | Sewer    | Entered a sewer
  3127 | Sewer    | Reached skill level 5 in Axes
  3129 | Sewer    | Reached XP level 5. HP: 28/47 MP: 4/4
  4520 | D:3      | Reached *** piety under Trog
  4752 | D:4      | Reached XP level 6. HP: 55/55 MP: 5/5
  4809 | D:4      | Found a staircase to the Ecumenical Temple.
  4860 | D:4      | Reached skill level 5 in Fighting
  4884 | D:4      | Reached skill level 6 in Axes
  4884 | D:4      | Reached skill level 1 in Stealth
  5079 | D:4      | Reached XP level 7. HP: 18/61 MP: 6/6
  5685 | D:5      | Entered Level 5 of the Dungeon
  5690 | D:5      | Reached skill level 7 in Axes
  5996 | D:5      | Found a shimmering blue altar of Sif Muna.
  6325 | D:5      | Reached **** piety under Trog
  6328 | D:5      | Reached XP level 8. HP: 50/70 MP: 7/7
  6559 | D:5      | Found Nenul's Antique Armour Boutique.
  6798 | D:5      | Reached skill level 8 in Axes
  7140 | D:6      | Noticed Prince Ribbit
  7157 | D:6      | Killed Prince Ribbit
  7465 | D:6      | Noticed Pikel
  7476 | D:6      | Killed Pikel
  7477 | D:6      | Reached skill level 9 in Axes
  7477 | D:6      | Reached skill level 5 in Armour
  7477 | D:6      | Reached XP level 9. HP: 78/78 MP: 8/8
  8287 | D:7      | Reached skill level 5 in Evocations
  8458 | D:7      | Reached ***** piety under Trog
  8568 | D:7      | Reached skill level 10 in Axes
  9145 | D:8      | Noticed a white ugly thing
  9159 | D:8      | Killed a white ugly thing
  9619 | D:8      | Reached XP level 10. HP: 71/88 MP: 9/9
 10115 | D:9      | Reached skill level 5 in Dodging
 10226 | D:9      | Reached skill level 11 in Axes
 10936 | D:10     | Entered Level 10 of the Dungeon
 11213 | D:10     | Reached skill level 12 in Axes
 11213 | D:10     | Noticed a two-headed ogre
 11368 | D:10     | Received a gift from Trog
 11482 | D:10     | Killed a two-headed ogre
 11483 | D:10     | Reached XP level 11. HP: 61/97 MP: 10/10
 11633 | D:10     | Found an iron altar of Okawaru.
 11812 | D:10     | Identified the +3 long sword of Luichei {spect, rF+ rCorr
                  | Dex+4}
 11825 | D:10     | Noticed a two-headed ogre
 11836 | D:10     | Killed a two-headed ogre
 11837 | D:10     | Reached skill level 10 in Armour
 12560 | D:10     | Noticed a two-headed ogre
 12567 | D:10     | Killed a two-headed ogre
 13030 | D:10     | Noticed a two-headed ogre
 13036 | D:10     | Reached skill level 13 in Axes
 13040 | D:10     | Killed a two-headed ogre
 13073 | D:10     | Found the +1 cloak of Starlight {*Dazzle EV+4 Stlth--}
 13338 | D:10     | Identified the +0 cloak of Gluttony {rElec Regen+ Int+6}
 13354 | D:10     | Identified a scroll of acquirement
 13360 | D:10     | Acquired a manual of Axes
 13613 | D:11     | Noticed a purple ugly thing
 13628 | D:11     | Killed a purple ugly thing
 13712 | D:11     | Noticed a catoblepas
 13738 | D:11     | Killed a catoblepas
 13739 | D:11     | Reached skill level 10 in Fighting
 14166 | D:11     | Noticed a two-headed ogre
 14177 | D:11     | Reached skill level 14 in Axes
 14179 | D:11     | Killed a two-headed ogre
 14190 | D:11     | Found a staircase to the Lair.
 14229 | D:11     | Reached XP level 12. HP: 99/106 MP: 11/11
 15211 | D:12     | Noticed a death knight
 15229 | D:12     | Killed a death knight
 15518 | D:12     | Received a gift from Trog
 15657 | D:12     | Reached skill level 15 in Axes
 15657 | D:12     | Reached skill level 1 in Shields
 15850 | D:12     | Noticed Frances
 15861 | D:12     | Killed Frances
 16236 | D:12     | Found a staircase to the Orcish Mines.
 16579 | D:13     | Noticed a six-headed hydra
 16586 | D:13     | a six-headed hydra changed into a goliath frog
 16620 | D:13     | Noticed an ogre mage
 16635 | D:13     | Killed from afar by an acid dragon

Illustrated notes

Levels and vault maps discovered:
D:1:      co_arrival_square_in_a_square_in_a_square, layout_basic
D:2:      layout_loops_cross, serial_shops, nicolae_shop_advertising_works
          [nicolae_subvault_shop_adworks], st_stairs_14, minmay_pentomino_pile
D:3:      layout_basic, portal_sewer_entry_f, lexackson_kobold_supper
D:4:      layout_rooms, minmay_temple_entry_slanted
D:5:      layout_layer_cave, nicolae_sif_muna_condensation, serial_shops, shop,
          corner_web_ring, minmay_misc_feat_encased
D:6:      kennysheep_spiral_hall, layout_cave_pools, kennysheep_crisscross,
          uniq_prince_ribbit1, uniq_pikel
D:7:      kennysheep_slugbush, layout_basic
D:8:      layout_basic
D:9:      layout_basic
D:10:     kennysheep_town
D:11:     layout_basic, minmay_lair_entry_grove
D:12:     layout_gridville, orc_0_dummy, uniq_frances
D:13:     lemuel_ogre_cave, layout_rooms, david_vaults_5,
          portal_ice_cave_entry_pillars_1

Skill      XL: |  1  2  3  4  5  6  7  8  9 10 11 12 |
---------------+-------------------------------------+-----
Axes           | 4 5 6 7 9 10 12 14 15 | 15.5
Fighting       | 4 5 6 7 9 10 11 | 11.0
Evocations     | 1 2 3 4 5 6 8 |  8.9
Dodging        | 3 4 5 |  5.8
Stealth        | 1 2 3 4 |  4.1
Armour         | 3 5 7 9 11 12 | 12.5
Shields        | 2 |  2.6

Action                   |  1- 3 |  4- 6 |  7- 9 | 10-12 || total
-------------------------+-------+-------+-------+-------++-------
Melee: Hand axe          |    88 |   158 |   247 |   506 ||   999
       Headbutt          |    17 |    20 |    38 |   140 ||   215
       Punch             |     1 |     4 |     2 |     3 ||    10
       Broad axe         |       |       |       |    30 ||    30
Invok: Trog's Hand       |     1 |       |       |     1 ||     2
       Berserk           |       |     2 |     3 |    10 ||    15
Evoke: Wand              |       |       |     4 |     7 ||    11
  Use: Scroll            |     2 |     5 |     5 |    17 ||    29
       Potion            |       |     2 |       |       ||     2
 Stab: Sleeping          |     1 |     2 |       |       ||     3
       Invisible         |       |       |       |     7 ||     7
Armor: Animal skin       |    18 |    32 |     1 |       ||    51
       Scale mail        |       |       |    35 |       ||    35
       Chain mail        |       |       |    51 |    44 ||    95
       Plate armour      |       |       |       |   168 ||   168
Dodge: Dodged            |    43 |   138 |   225 |   308 ||   714
Block: Buckler           |       |       |       |     9 ||     9
       Tower shield      |       |       |       |    34 ||    34
